 Dungeon Crawl Stone Soup version 0.30-a0-476-g330ca2eb8e (webtiles) character file.

Game seed: 9441210464957619347

4514 experimilk the Destroyer (level 10, -2/71 HPs)
             Began as a Purple Draconian Conjurer on Dec 22, 2022.
             Was a Follower of Sif Muna.
             Slain by a hornet (6 damage)
             ... on level 9 of the Dungeon.
             The game lasted 00:31:01 (16439 turns).

experimilk the Destroyer (DrCj)                    Turns: 16439, Time: 00:31:02

Health: -2/71      AC: 10    Str: 11    XL:     10   Next: 16%
Magic:  7/14       EV: 12    Int: 22    God:    Sif Muna [*.....]
Gold:   43         SH:  0    Dex:  9    Spells: 1/15 levels left

rFire   . . .      SeeInvis .    C - +2 hand axe (venom)
rCold   + . .      Faith    .    (no shield)
rNeg    . . .      Spirit   .    (body armour unavailable)
rPois   .          Reflect  .    (helmet restricted)
rElec   .          Harm     .    B - +0 cloak
rCorr   .          Rampage  .    y - +0 pair of gloves
Will    +....                    b - +0 pair of boots
Stlth   ++........               (no amulet)
HPRegen 0.31/turn                r - ring of protection from cold
MPRegen 0.14/turn                (no ring)

@: about to teleport, hasted and slowed
A: breathe power, AC +7, unfitting armour, cold-blooded
a: Breathe Dispelling Energy, Renounce Religion, Channel Magic


You were on level 9 of the Dungeon.
You worshipped Sif Muna.
Sif Muna was aware of your devotion.
You visited 2 branches of the dungeon, and saw 10 of its levels.
You also visited: Ossuary.

You collected 463 gold pieces.
You spent 420 gold pieces at shops.

Inventory:

Hand Weapons
 a - a +2 broad axe of electrocution
 k - a +0 rapier
 C - a +2 hand axe of venom (weapon)
Missiles
 c - 3 throwing nets
Armour
 b - a +0 pair of boots (worn)
 y - a +0 pair of gloves (worn)
 B - a +0 cloak (worn)
Jewellery
 r - a ring of protection from cold (left hand)
Wands
 w - a wand of digging (6)
Scrolls
 d - 3 scrolls of fog
 g - 2 scrolls of amnesia
 l - 4 scrolls of enchant weapon
 n - 2 scrolls of noise {unknown}
 o - 2 scrolls of fear {unknown}
 q - 3 scrolls of poison
 u - a scroll of vulnerability {unknown}
 v - 2 scrolls of teleportation
 x - a scroll of acquirement {unknown}
 A - 3 scrolls of enchant armour {unknown}
 D - a scroll of magic mapping {unknown}
Potions
 e - 3 potions of brilliance
 f - a potion of invisibility
 h - a potion of lignification
 i - a potion of cancellation
 j - 3 potions of heal wounds
 m - 2 potions of curing
 p - 2 potions of resistance
 s - a potion of haste
 t - a potion of berserk rage {unknown}
 z - a potion of attraction
 E - a potion of mutation


   Skills:
 - Level 1.3 Fighting
 - Level 1.7 Dodging
 - Level 1.7 Stealth
 - Level 3.0 Spellcasting
 - Level 12.0 Conjurations
 + Level 8.2 Hexes
 - Level 6.0 Invocations


You had one spell level left.
You knew the following spells:

 Your Spells              Type           Power      Damage    Failure   Level
a - Anguish               Hex/Necr       10%        N/A       22%         4
b - Magic Dart            Conj           100%       1d8       1%          1
c - Dazzling Flash        Conj/Hex       94%        N/A       1%          3
x - Fulminant Prism       Conj/Hex       23%        3d12      1%          4
z - Searing Ray           Conj           100%       2d8       1%          2

Your spell library contained the following spells:

 Spells                   Type           Power      Damage    Failure   Level
 Necrotise                Necr           12%        1d4       12%         1
 Sting                    Tmut/Pois      12%        1d3       12%         1
 Mephitic Cloud           Conj/Pois/Air  20%        N/A       7%          3
 Iskenderun's Mystic Bla  Conj/Tloc      29%        2d7       11%         4
 Call Imp                 Summ           3%         N/A       19%         2
 Poisonous Vapours        Pois/Air       6%         N/A       19%         2
 Fireball                 Conj/Fire      14%        3d8       28%         5
 Vampiric Draining        Necr           3%         2d6       36%         3
 Olgreb's Toxic Radiance  Pois           3%         N/A       77%         4
 Agony                    Necr           3%         N/A       98%         5


Dungeon Overview and Level Annotations

Branches:
Dungeon (9/15)             Temple (1/1) D:4         Ossuary (visited)
   Lair: D:8-11         Orc: D:9-12

Altars:
Elyvilon
Fedhas
Hepliaklqana
Nemelex Xobeh
Okawaru
Qazlal
Sif Muna
Trog
Uskayaw
Wu Jian
Xom
Yredelemnul
Zin
The Shining One

Shops:
D:5 (   D:9 !


Innate Abilities, Weirdness & Mutations

You can breathe bolts of dispelling energy.
Your rich purple scales are hard. (AC +7)
You cannot fit into any form of body armour.
You are cold-blooded and may be slowed by cold attacks.


Message History

Unknown command.
Casting: Fulminant Prism (dangerous; 1% risk of failure)
Confirm with . or Enter, or press ? or * to list all spells.
Aiming: Fulminant Prism (dangerous; 1% risk of failure)
Press: ? - help, Dir - move target You conjure a prism of explosive energy!
A fulminant prism comes into view.
The hornet stings you.
You are poisoned.
You suddenly lose the ability to move!
The hornet stings you.
You are more poisoned.
You feel yourself slow down.
You feel very sick. The hornet stings you!
You feel as though you will be slow longer.
Your fulminant prism crackles loudly.
You can move again.
Unknown command.
You feel yourself speed up.
You feel very sick. The hornet stings you.
You feel as though you will be slow longer.
The hornet stings you!
You feel as though you will be slow longer.
Your fulminant prism explodes!
The blast of energy engulfs the hornet.
The hornet is lightly wounded.
The hornet stings you but does no damage.
Unknown command.
As you read the scroll of teleportation, it crumbles to dust.
You feel strangely unstable.
You feel very sick. The hornet stings you!
* * * LOW HITPOINT WARNING * * *
You feel as though you will be slow longer.
You feel better. The hornet stings you!
* * * LOW HITPOINT WARNING * * *
You feel as though you will be slow longer.
The hornet stings you.
You die...

##. #.. #######+# ## #.#
#........ .# #8# #........
.# #.# #........ .#####<#
#........
.'.....###########....?...
.####.∩..........#........
.# ##.#.#######@y........
.# #8#.# ###........ ##
#...# ######### #####


You could see a hornet.

Vanquished Creatures
  Maggie (D:8)
  Sigmund (D:2)
  3 wyverns
  Eustachio (D:6)
  3 steam dragons
  An acid dragon (D:8)
  A water moccasin (D:6)
  An orc warrior (D:6)
  An ice beast (D:8)
  3 sky beasts
  3 ogres
  5 centaurs (D:8)
  3 bullfrogs
  3 scorpions
  3 necrophages
  2 wights (D:7)
  A bullfrog zombie (D:7)
  A centaur zombie (D:7)
  Crazy Yiuf (D:4)
  5 hounds
  2 orc priests (D:6)
  A gnoll bouda (D:5)
  A jelly (D:5)
  3 iguanas
  Ijyb (D:3)
  Natasha (thrice) (D:2)
  8 orc wizards
  A killer bee zombie (D:7)
  12 mummies
  3 gnolls (D:6)
  A howler monkey zombie (D:7)
  11 adders
  A white imp (D:7)
  An ufetubus (D:7)
  A worm (D:2)
  5 dart slugs
  20 orcs
  5 endoplasms
  3 giant cockroaches
  5 goblins
  4 hobgoblins
  5 jackals
  7 kobolds
  2 quokkas (D:1)
  4 ball pythons
  A bat (D:2)
  4 frilled lizards (D:1)
  3 gnoll skeletons (Ossuary)
  2 goblin skeletons (Ossuary)
  2 kobold skeletons (Ossuary)
  An orc skeleton (Ossuary)
  2 orc zombies (D:4)
  7 rats
  11 rat skeletons (Ossuary)
186 creatures vanquished.

Vanquished Creatures (others)
  15 fulminant prisms
  2 withered plants (D:7)
17 creatures vanquished.

Grand Total: 203 creatures vanquished

Notes
Turn   | Place    | Note
-------+----------+-------------------------------------------
     0 | D:1      | experimilk the Draconian Conjurer began the quest for the
                  | Orb.
     0 | D:1      | Reached XP level 1. HP: 14/14 MP: 3/3
   461 | D:1      | Reached XP level 2. HP: 20/20 MP: 3/5
   944 | D:1      | Reached skill level 5 in Conjurations
   977 | D:1      | Reached XP level 3. HP: 26/26 MP: 4/6
  1043 | D:1      | Learned a level 2 spell: Searing Ray
  1529 | D:2      | Noticed Natasha
  1538 | D:2      | Killed Natasha
  1958 | D:2      | Reached XP level 4. HP: 33/33 MP: 4/7
  2058 | D:2      | Noticed Natasha
  2066 | D:2      | Killed Natasha
  2183 | D:2      | Reached skill level 6 in Conjurations
  2529 | D:2      | Noticed Natasha
  2535 | D:2      | Killed Natasha
  2775 | D:2      | Noticed Sigmund
  2780 | D:2      | Killed Sigmund
  2781 | D:2      | Reached skill level 7 in Conjurations
  2781 | D:2      | Reached XP level 5. HP: 38/38 MP: 0/8
  2781 | D:2      | Reached XP level 6. HP: 45/45 MP: 0/9
  2944 | D:2      | Found a faded altar of an unknown god.
  3423 | D:3      | Found an iron altar of Okawaru.
  3833 | D:4      | Found a sand-covered staircase.
  3861 | Ossuary  | Entered an ossuary
  4264 | Ossuary  | Reached skill level 8 in Conjurations
  5047 | Ossuary  | Your scales start taking on a rich purple colour.
  5047 | Ossuary  | Reached XP level 7. HP: 50/50 MP: 5/10
  5430 | D:4      | Found a staircase to the Ecumenical Temple.
  5439 | Temple   | Entered the Ecumenical Temple
  5601 | Temple   | Became a worshipper of Sif Muna the Loreminder
  5619 | D:4      | You fall into a shaft and drop 1 floor!
  5619 | D:5      | Entered Level 5 of the Dungeon
  5778 | D:5      | Reached skill level 9 in Conjurations
  5996 | D:5      | Found an ornate altar of the Wu Jian Council.
  6430 | D:5      | Noticed a steam dragon
  6758 | D:5      | Found Tymium's Weapon Emporium.
  6884 | D:4      | Found a sparkling altar of Nemelex Xobeh.
  6947 | D:4      | Found a runed translucent door.
  6948 | D:4      | Noticed Crazy Yiuf
  7198 | D:4      | Noticed Ijyb
  7454 | D:3      | Killed Ijyb
  7858 | D:4      | Killed Crazy Yiuf
  7859 | D:4      | Reached skill level 10 in Conjurations
  8095 | D:5      | Reached XP level 8. HP: 57/57 MP: 4/11
  8214 | D:5      | Learned a level 3 spell: Dazzling Flash
  8857 | D:6      | Got the Quarto of Burning Toxicity
  8863 | D:6      | Learned a level 4 spell: Fulminant Prism
  8985 | D:6      | Reached skill level 11 in Conjurations
  9210 | D:6      | Reached * piety under Sif Muna
  9800 | D:6      | Found a glowing golden altar of the Shining One.
  9800 | D:6      | Noticed Eustachio
  9831 | D:6      | Killed Eustachio
  9832 | D:6      | Reached skill level 12 in Conjurations
  9832 | D:6      | Reached skill level 1 in Hexes
 10056 | D:6      | Reached XP level 9. HP: 20/62 MP: 5/13
 10350 | D:6      | Reached skill level 1 in Invocations
 11968 | D:7      | Reached skill level 5 in Invocations
 12117 | D:7      | Found a shimmering altar of Xom.
 12677 | D:8      | Reached skill level 1 in Fighting
 13376 | D:8      | Reached skill level 5 in Hexes
 13608 | D:8      | Found a hazy altar of Hepliaklqana.
 13890 | D:8      | Noticed Maggie
 13891 | D:8      | Paralysed by Maggie for 2 turns
 14348 | D:8      | Got the Quarto of the Kraken
 14387 | D:8      | Killed Maggie
 14388 | D:8      | Reached XP level 10. HP: 34/71 MP: 6/14
 15363 | D:8      | Learned a level 4 spell: Anguish
 15590 | D:8      | Found a white marble altar of Elyvilon.
 15761 | D:8      | HP: 3/71 [poisoned by an orc warrior]
 16411 | D:9      | Found Simist's Distillery.
 16418 | D:9      | Bought a potion of cancellation for 120 gold pieces
 16418 | D:9      | Bought a potion of mutation for 120 gold pieces
 16418 | D:9      | Bought a potion of curing for 45 gold pieces
 16418 | D:9      | Bought a potion of brilliance for 60 gold pieces
 16418 | D:9      | Bought a potion of heal wounds for 75 gold pieces
 16435 | D:9      | Paralysed by a hornet for 2 turns
 16439 | D:9      | Slain by a hornet

Illustrated notes

Levels and vault maps discovered:
D:1:      kilobyte_arrival_exit_the_forest, layout_rooms, minivault_25,
          minmay_tromino_v4_b
D:2:      layout_basic, shapermc_ecumenical_altar_mp_vishouse, uniq_sigmund,
          uniq_natasha
D:3:      layout_loops_cross, mainiacjoe_overflow_24_doors
D:4:      layout_loops_ring, mainiacjoe_overflow_six_doors_small,
          minmay_temple_entry_antechambers, nicolae_ossuary_entry_giza,
          uniq_ijyb, uniq_crazy_yiuf_cottage
D:5:      layout_layer_cave, mainiacjoe_overflow_chevrons, serial_shops,
          nicolae_shop_hallway_stairs, nicolae_concentric_dashed_squares_mild,
          amcnicky_mini_rare_corridor_liquid, kennysheep_opposing_triangles
D:6:      layout_loops_corners, nicolae_tso_swordbearing_angel, uniq_eustachio
D:7:      layout_loops_ring, mainiacjoe_overflow_alcove_1, serial_undead,
          serial_undead_b, serial_undead_c, serial_undead_f, serial_undead_b,
          serial_undead_e
D:8:      nicolae_cairo_tiling_large, layout_rooms,
          mainiacjoe_overflow_concentric_impassable, small_statue_intersection,
          minmay_ruined_shrine, uniq_maggie
D:9:      layout_roguey, mainiacjoe_overflow_boulevard,
          mainiacjoe_overflow_surrounded_room, evilmike_ruin_ashenzari,
          serial_shops, shop_statue, centaur_isle
Temple:   hellmonk_temple_flake

Skill      XL: |  1  2  3  4  5  6  7  8  9 10 |
---------------+-------------------------------+-----
Conjurations   | 5 7 8 10 12 | 12.0
Spellcasting   | 3 |  3.0
Hexes          | 2 7 8 |  8.2
Invocations    | 6 |  6.0
Fighting       | 1 |  1.3
Dodging        | |  1.7
Stealth        | |  1.7

Action                   |  1- 3 |  4- 6 |  7- 9 | 10-12 || total
-------------------------+-------+-------+-------+-------++-------
Melee: Unarmed           |     7 |       |     7 |       ||    14
       Dagger            |    20 |       |       |       ||    20
       Tailslap          |     1 |     4 |    12 |     2 ||    19
       Rapier            |       |    12 |    86 |       ||    98
       Punch             |       |       |     2 |     1 ||     3
       Hand axe          |       |       |       |     5 ||     5
 Cast: Magic Dart        |    41 |    32 |   105 |     3 ||   181
       Searing Ray       |     6 |    32 |    67 |     4 ||   109
       Dazzling Flash    |       |       |    11 |     2 ||    13
       Fulminant Prism   |       |       |    11 |     4 ||    15
 Abil: Breathe Dispellin |       |       |    14 |     1 ||    15
  Use: Scroll            |     1 |     4 |     8 |     2 ||    15
       Potion            |       |       |    11 |     3 ||    14
 Stab: Invisible         |       |       |     3 |     1 ||     4
Armor: Skin              |     5 |     3 |    70 |     8 ||    86
Dodge: Dodged            |    22 |    14 |   119 |    10 ||   165

Table legend: (Time is in decaauts)
 A = Elapsed time spent in this place.
 B = Non-inter-level travel time spent in this place.
 C = Inter-level travel time spent in this place.
 D = Time resting spent in this place.
 E = Time spent auto-exploring this place.
 F = Levels seen in this place.
 G = Mean time per level.
                   A        B        C        D        E       F      G
               +--------+--------+--------+--------+--------+-----+--------+
         Total |  16481 |  15878 |    603 |   5888 |   8579 |  11 | 1498.3 |
       Dungeon |  14942 |  14368 |    574 |   5414 |   7673 |   9 | 1660.2 |
        Temple |    173 |    144 |     29 |      0 |    134 |   1 |  173.0 |
       Ossuary |   1364 |   1364 |      0 |    474 |    772 |   1 | 1364.0 |
               +--------+--------+--------+--------+--------+-----+--------+

Top non-repeatable levels by time:
     D:8: 2581 daAuts
     D:6: 2562 daAuts
     D:7: 2340 daAuts
     D:5: 2142 daAuts
     D:2: 1562 daAuts
     D:1: 1482 daAuts
 Ossuary: 1364 daAuts
     D:3: 1251 daAuts
     D:4: 964 daAuts
  Temple: 173 daAuts
     D:9: 56 daAuts
